 Dungeon Crawl Stone Soup version 0.31-a0-256-g80acddb972 (webtiles) character file.

Game seed: 3751789001864082062

51 Morbidden the Changeling (level 3, 0/31 HPs)
             Began as an Armataur Shapeshifter on July 13, 2023.
             Slain by a cerulean imp
             ... wielding a +3 spear
             ... summoned by Natasha
              (7 damage)
             ... on level 2 of the Dungeon.
             The game lasted 00:01:28 (1194 turns).

Morbidden the Changeling (Armataur Shapeshifter)    Turns: 1194, Time: 00:01:29

Health: 0/31       AC: 10    Str: 22    XL:     3   Next: 57%
Magic:  0/3        EV:  7    Int:  8    God:
Gold:   61         SH:  0    Dex: 10    Spells: 2/2 levels left

rFire   . .          .
                       - Unarmed
rCold   . . .        (no shield)
rNeg    . . .        a - +0 animal skin
rPois   .            (helmet currently unavailable)
rElec   .            (cloak currently unavailable)
rCorr   .            (gloves currently unavailable)
SInv    .            e - +2 barding
Will    .....        d - amulet of guardian spirit
Stlth   +            (no ring)
HPRegen 0.25/turn    (no ring)
MPRegen 0.08/turn

%: guardian spirit, roll
@: mighty, beast-form, slowed, very slow
A: beast (slay +2), large, rugged brown scales 3, deformed body, armoured tail,
roll, long tongue, awkward tongue
a: no special abilities


You were on level 2 of the Dungeon.
You were a hulking beast.
You visited 1 branch of the dungeon, and saw 2 of its levels.

You collected 61 gold pieces.

Inventory:

Missiles
 b - 20 stones (quivered)
Armour
 a - a +0 animal skin (worn)
 e - a +2 barding (worn)
Jewellery
 d - an amulet of guardian spirit (around neck)
Talismans
 c - a beast talisman
Scrolls
 f - a scroll of fear {unknown}
 g - a scroll of teleportation {unknown}
 j - a scroll of fog {unknown}
 k - a scroll of enchant weapon {unknown}
 l - a scroll of amnesia {unknown}
Potions
 i - a potion of mutation {unknown}


   Skills:
 * Level 1.9 Fighting
 * Level 1.7 Dodging
 * Level 2.2 Unarmed Combat
 * Level 3.3 Shapeshifting


You had 2 spell levels left.
You didn't know any spells.
Your spell library was empty.

Dungeon Overview and Level Annotations

Branches:
Dungeon (2/15)

Altars:

Annotations:
D:2 Natasha


Innate Abilities, Weirdness & Mutations

You are a hulking beast.
Your limbs bulge with bestial killing power. (Slay +2)
You are completely covered in rugged brown scales. (AC +3, +7% HP)
Armour fits poorly on your strangely shaped body.
You have a long armoured tail.
You roll when moving toward enemies. (Rampage)
Your long tongue fully drains potion bottles. (2x potion effects)
Your tongue gives you trouble enunciating. (1.5x scroll delay)


Message History

Natasha claws you but does no damage.
The cerulean imp hits you but does no damage.
The cerulean imp hits you with a +3 spear.
Natasha claws you but does no damage.
You closely miss the cerulean imp.
The cerulean imp is almost dead.
The cerulean imp hits you but does no damage.
The cerulean imp hits you with a +3 spear.
Natasha claws you but does no damage.
The cerulean imp hits you with a +0 spear.
You closely miss the cerulean imp.
Your tail-slap misses the cerulean imp.
The cerulean imp is almost dead.
The cerulean imp barely misses you. Natasha claws you.
The cerulean imp barely misses you.
The cerulean imp hits you but does no damage.
Natasha claws you but does no damage.
You are too injured to fight recklessly!
You are too injured to fight recklessly!
You are too injured to fight recklessly!
You are too injured to fight recklessly!
Unknown command.
Unknown command.
Unknown command.
The cerulean imp attacks as you move away!
The cerulean imp barely misses you.
The cerulean imp attacks as you move away!
The cerulean imp hits you but does no damage.
Natasha attacks as you move away! Natasha claws you.
The cerulean imp barely misses you.
The cerulean imp hits you but does no damage. x2
Natasha completely misses you.
It was a potion of might.
You feel very mighty all of a sudden.
You slurp down every last drop of the potion of might!
The cerulean imp hits you but does no damage.
The cerulean imp hits you from afar with a +0 spear.
* * * LOW HITPOINT WARNING * * *
Natasha claws you but does no damage.
The cerulean imp hits you from afar with a +3 spear!
You die...

#..#######
#.###..#
#......#
#..###.# #..
#†# #.. #.#
#.. #.#######
#.5###........
#.5hh..(..?###
#..#########
..... #####.
#. #. ##


You could see Natasha and 2 cerulean imps.

Vanquished Creatures
  A dart slug (D:1)
  3 ball pythons (D:1)
  2 endoplasms (D:1)
  2 giant cockroaches (D:1)
  5 goblins (D:1)
  2 hobgoblins (D:1)
  10 jackals (D:1)
  4 bats (D:1)
  4 frilled lizards
  6 kobolds
  7 rats (D:1)
46 creatures vanquished.

Notes
Turn   | Place    | Note
-------+----------+-------------------------------------------
     0 | D:1      | Morbidden the Armataur Shapeshifter began the quest for the
                  | Orb.
     0 | D:1      | Reached XP level 1. HP: 18/18 MP: 1/1
    93 | D:1      | Reached skill level 3 in Shapeshifting
    93 | D:1      | Reached XP level 2. HP: 19/25 MP: 2/2
   504 | D:1      | Reached XP level 3. HP: 31/31 MP: 3/3
  1182 | D:2      | Noticed Natasha
  1194 | D:2      | Slain by a cerulean imp

Illustrated notes

Levels and vault maps discovered:
D:1:      ncdulo_halloftheorcs, layout_loops_ring, roderic_serpentine_path,
          minmay_tetromino_o4
D:2:      layout_loops_ring, minmay_misc_feat_tower, uniq_sigmund, uniq_natasha,
          uniq_terence

Skill      XL: |  1  2 |
---------------+-------+-----
Shapeshifting  | 3 |  3.3
Unarmed Combat | 2 |  2.2
Fighting       | |  1.9
Dodging        | |  1.7

Action                     || total
---------------------------++-------
  Melee: Unarmed           ||   139
         Tailslap          ||    10
         Punch             ||     3
    Use: Potion            ||     2
   Stab: Sleeping          ||     1
 Armour: Skin              ||    14
         Animal skin       ||    88
  Dodge: Dodged            ||    57

Table legend: (Time is in decaauts)
 A = Elapsed time spent in this place.
 B = Non-inter-level travel time spent in this place.
 C = Inter-level travel time spent in this place.
 D = Time resting spent in this place.
 E = Time spent auto-exploring this place.
 F = Levels seen in this place.
 G = Mean time per level.
                   A        B        C        D        E       F      G
               +--------+--------+--------+--------+--------+-----+--------+
         Total |   1190 |   1169 |     21 |    280 |    637 |   2 |  595.0 |
       Dungeon |   1190 |   1169 |     21 |    280 |    637 |   2 |  595.0 |
               +--------+--------+--------+--------+--------+-----+--------+

Top non-repeatable levels by time:
     D:1: 1167 daAuts
     D:2: 23 daAuts
